Marlies vs Rampage
Created - January 25, 2023 at 19:43
Goals
|
| Marlies |
4 |
1 |
2 |
7 |
| Rampage |
0 |
4 |
1 |
5 |
|
Shots
|
| Marlies |
12 |
8 |
19 |
39 |
| Rampage |
11 |
20 |
4 |
35 |
|
1st period
1. Marlies , Aleksi Saarela 11 (Martin Necas 16) at 4:47
2. Marlies , Colton Sissons 17 (Valentin Zykov 21) at 9:07
3. Marlies , Alex Formenton 4 (Logan Brown 8, Nicholas Baptiste 32) at 15:35
4. Marlies , Brett Pesce 4 (Colton Sissons 21, Valentin Zykov 22) at 18:00
Penalties :
Alex Formenton (Tor) for Goalie Interference (Minor) at 10:25
2nd period
5. Marlies , Martin Necas 8 (Aleksi Saarela 16, Brett Pesce 30) at 0:33
6. Rampage , Joachim Blichfeld 7 (Ethan Bear 17, T.J. Tynan 12) at 4:40
7. Rampage , Ethan Bear 5 (Jordan Kyrou 18, Rourke Chartier 22) at 7:51 (PP)
8. Rampage , Ethan Bear 6 (Anthony Richard 12, Travis Sanheim 32) at 15:41
9. Rampage , Dominik Simon 15 (Travis Sanheim 33, Ethan Bear 18) at 17:06 (PP)
Penalties :
Jordan Kyrou (San) for Slashing (Minor) at 0:44, Dennis Gilbert (Tor) for Boarding (Minor) at 7:37, Tyler Benson (Tor) for Holding Stick (Minor) at 16:35
3rd period
10. Marlies , Pierre-Olivier Joseph 2 (Brett Pesce 31, Nicholas Baptiste 33) at 3:52 (PP)
11. Rampage , Dylan Sikura 13 (Joachim Blichfeld 11, Anthony Richard 13) at 13:04
12. Marlies , Brett Pesce 5 (Lucas Carlsson 6, Nicholas Baptiste 34) at 19:56
Penalties :
Jordan Kyrou (San) for High sticking (Minor) at 2:40, Collin Miller (San) for Tripping (Minor) at 5:10, Joachim Blichfeld (San) for Hooking (Minor) at 10:39, Dylan Sikura (San) for Hooking (Minor) at 14:19
Goalie Stats
Logan Thompson (Tor), 30 saves from 35 shots - (0.857), W, 8-3-1, 60:00 minutes
Magnus Hellberg (San), 25 saves from 28 shots - (0.893), L, 4-4-1, 41:47 minutes
Emil Larmi (San), 7 saves from 11 shots - (0.636), 18:00 minutes
Players Stats for Marlies
Player Name G A P +/- PIM S H SB GA TA FO MP PP MP PK MP
------------------------------------------------------------------------------------
Aleksi Saarela 1 1 2 2 0 3 0 1 2 0 11/14 17:21 4:16 0:30
Alex Formenton 1 0 1 1 2 2 2 0 0 1 0/0 14:52 4:16 0:00
Brett Pesce 2 2 4 2 0 3 2 5 0 3 0/0 28:37 4:55 1:38
Colton Sissons 1 1 2 1 0 7 2 0 1 1 18/42 23:50 4:52 1:47
Dennis Gilbert 0 0 0 1 2 0 2 0 0 0 0/0 11:00 0:00 0:00
Jeff Corbett 0 0 0 0 0 0 1 0 0 1 0/0 19:08 0:00 1:38
Keaton Thompson 0 0 0 0 0 0 1 0 0 0 0/0 16:53 4:13 1:06
Logan Brown 0 1 1 1 0 2 1 0 0 0 2/4 11:27 0:00 0:34
Lucas Carlsson 0 1 1 1 0 3 1 1 0 0 0/0 21:29 4:13 1:06
Martin Necas 1 1 2 2 0 4 0 0 0 0 0/0 16:51 4:16 0:00
Mathieu Olivier 0 0 0 1 0 0 1 1 0 1 1/1 10:49 0:00 0:00
Matthew Highmore 0 0 0 -1 0 2 1 1 0 0 1/3 7:29 0:00 0:00
Nicholas Baptiste 0 3 3 1 0 3 1 2 1 0 1/1 23:48 4:52 1:45
Otto Koivula 0 0 0 -1 0 0 1 0 1 0 0/0 7:29 0:00 0:00
Pierre-Olivier Joseph 1 0 1 2 0 4 2 1 0 0 0/0 22:52 4:55 0:00
Tobias Lindberg 0 0 0 -1 0 0 0 0 1 0 0/0 7:29 0:00 0:00
Tyler Benson 0 0 0 2 2 1 1 0 0 0 0/0 12:58 0:00 0:34
Valentin Zykov 0 2 2 1 0 5 0 0 1 0 4/5 22:51 4:52 0:18
Players Stats for Rampage
Player Name G A P +/- PIM S H SB GA TA FO MP PP MP PK MP
------------------------------------------------------------------------------------
Anthony Richard 0 2 2 1 0 2 0 0 0 0 3/8 13:17 0:00 2:36
Collin Miller 0 0 0 -1 2 0 0 0 0 0 0/0 14:50 0:00 4:07
Dominik Simon 1 0 1 -4 0 5 3 0 0 0 0/0 20:49 1:49 0:37
Dylan Sikura 1 0 1 1 2 4 0 0 1 0 1/1 12:09 0:00 1:29
Emil Bemstrom 0 0 0 0 0 0 0 0 0 0 0/0 5:56 0:00 0:00
Ethan Bear 2 2 4 0 0 2 2 4 0 1 0/0 29:24 1:55 4:16
Joachim Blichfeld 1 1 2 1 2 5 1 0 0 0 0/1 15:47 0:55 1:17
Jordan Kyrou 0 1 1 -4 4 3 1 1 2 0 2/2 20:11 1:49 0:00
Matt Roy 0 0 0 -1 0 0 1 0 0 1 0/0 11:45 0:00 1:01
Pierre Engvall 0 0 0 0 0 0 1 1 0 0 1/1 16:21 0:00 6:09
Pierre-Luc Dubois 0 0 0 0 0 0 1 1 0 0 0/0 5:56 0:00 0:00
Rourke Chartier 0 1 1 -4 0 5 1 0 0 1 16/35 20:12 1:49 0:00
Ryan Lomberg 0 0 0 0 0 1 3 1 0 0 0/1 13:56 0:55 0:00
T.J. Tynan 0 1 1 0 0 1 1 0 0 0 6/11 13:56 0:55 0:00
Travis Sanheim 0 2 2 -1 0 2 1 1 2 1 0/0 20:34 1:55 0:00
Trent Frederic 0 0 0 0 0 0 0 0 0 1 3/10 12:11 0:00 6:08
Vladislav Gavrikov 0 0 0 -2 0 5 0 1 0 2 0/0 23:52 0:49 5:05
Wiley Sherman 0 0 0 -1 0 0 1 3 2 0 0/0 19:41 0:49 3:47
3 Stars
1 - Brett Pesce (Tor)
2 - Ethan Bear (San)
3 - Aleksi Saarela (Tor)
Power Play
Marlies - 1 on 5 Attempt(s) - 20.00%
Rampage - 2 on 3 Attempt(s) - 66.67%
Penalty Kill
Marlies - 1 on 3 Attempt(s) - 33.33%
- Score 0 goal in Penalty Kill
Rampage - 4 on 5 Attempt(s) - 80.00%
- Score 0 goal in Penalty Kill
Team Stat
Marlies - Hits : 19 - Faceoff Wins : 38 - Blocked Shots : 12 - Penalty Minutes : 6
Rampage - Hits : 17 - Faceoff Wins : 32 - Blocked Shots : 13 - Penalty Minutes : 10
Official
Referees : Gord Dwyer and Graham Skilliter
Linesman : Travis Toomey and Trent Knorr
Game Notes
Magnus Hellberg enters game at 18:00 of 1st period
15:41 of 2nd period - Rampage goal is going for a video replay. After video review, Goal.
Finance
Level 1 -- Attendance: 1822 (91.10%) -- Ticket Income $63,770
Level 2 -- Attendance: 932 (93.20%) -- Ticket Income $13,980
Total Attendance: 2754 (91.80%)
Total Ticket Income: $77,750
Other Income: $3,888
Total Income: $81,638
Marlies
5 vs 5 Forward
Center Left Wing Right Wing Time % Phy DF OF
1 Colton Sissons Valentin Zykov Nicholas Baptiste 40 0 2 3
2 Aleksi Saarela Tyler Benson Martin Necas 30 1 2 2
3 Logan Brown Alex Formenton Mathieu Olivier 20 1 2 2
4 Matthew Highmore Otto Koivula Tobias Lindberg 10 1 3 1
5 vs 5 Defense
Defense Defense Time % Phy DF OF
1 Brett Pesce Pierre-Olivier Joseph 40 1 2 2
2 Lucas Carlsson Jeff Corbett 30 1 2 2
3 Dennis Gilbert Keaton Thompson 20 1 2 2
4 Brett Pesce Jeff Corbett 10 1 2 2
PowerPlay Forward
Center Left Wing Right Wing Time % Phy DF OF
1 Colton Sissons Valentin Zykov Nicholas Baptiste 60 1 2 2
2 Aleksi Saarela Alex Formenton Martin Necas 40 1 2 2
PowerPlay Defense
Defense Defense Time % Phy DF OF
1 Brett Pesce Pierre-Olivier Joseph 60 1 2 2
2 Keaton Thompson Lucas Carlsson 40 1 2 2
Penalty Kill 4 Players Forward
Center Wing Time % Phy DF OF
1 Colton Sissons Nicholas Baptiste 60 1 2 2
2 Logan Brown Tyler Benson 40 1 2 2
Penalty Kill 4 Players Defense
Defense Defense Time % Phy DF OF
1 Brett Pesce Jeff Corbett 60 1 2 2
2 Keaton Thompson Lucas Carlsson 40 1 2 2
Penalty Kill - 3 Players Forward
Forward Time % Phy DF OF
1 Colton Sissons 60 1 2 2
2 Logan Brown 40 1 2 2
Penalty Kill - 3 Players Defense
Defense Defense Time % Phy DF OF
1 Brett Pesce Jeff Corbett 60 1 2 2
2 Keaton Thompson Lucas Carlsson 40 1 2 2
4 vs 4 Forward
Center Wing Time % Phy DF OF
1 Colton Sissons Nicholas Baptiste 60 1 2 2
2 Logan Brown Valentin Zykov 40 1 2 2
4 vs 4 Defense
Defense Defense Time % Phy DF OF
1 Brett Pesce Lucas Carlsson 60 1 2 2
2 Pierre-Olivier Joseph Jeff Corbett 40 1 2 2
Last Minutes Offensive
Center Left Wing Right Wing Defense Defense
Colton Sissons Valentin Zykov Nicholas Baptiste Brett Pesce Lucas Carlsson
Last Minutes Defensive
Center Left Wing Right Wing Defense Defense
Colton Sissons Valentin Zykov Nicholas Baptiste Brett Pesce Lucas Carlsson
Goaltenders
Starting : Logan Thompson
Backup : Charlie Lindgren
Extra Forwards
Normal : Aleksi Saarela, Logan Brown, Mathieu Olivier - PP : Aleksi Saarela, Logan Brown - PK : Aleksi Saarela
Extra Defensemen
Normal : Keaton Thompson, Dennis Gilbert, Jeff Corbett - PP : Lucas Carlsson - PK : Brett Pesce, Dennis Gilbert
Penalty Shots
Logan Brown, Martin Necas, Alex Formenton, Nicholas Baptiste, Aleksi Saarela
Scratches
Elias Pettersson (Back Injury), Brycen Martin (Healthy), Marc McLaughlin (Healthy), Henri Ikonen (Healthy), Jaden Lindo (Healthy)
Jakob Forsbacka-Karlsson (Healthy), Dmitri Samorukov (Healthy), Radovan Bondra (Healthy), Simon Bourque (Healthy), Mike Hardman (Healthy)
Jonathan Davidsson (Healthy)
Rampage
5 vs 5 Forward
Center Left Wing Right Wing Time % Phy DF OF
1 Rourke Chartier Dominik Simon Jordan Kyrou 40 1 2 2
2 T.J. Tynan Ryan Lomberg Joachim Blichfeld 30 1 2 2
3 Anthony Richard Pierre Engvall Dylan Sikura 20 1 2 2
4 Trent Frederic Pierre-Luc Dubois Emil Bemstrom 10 1 2 2
5 vs 5 Defense
Defense Defense Time % Phy DF OF
1 Travis Sanheim Ethan Bear 40 1 2 2
2 Vladislav Gavrikov Wiley Sherman 30 1 2 2
3 Matt Roy Collin Miller 20 1 2 2
4 Vladislav Gavrikov Ethan Bear 10 1 2 2
PowerPlay Forward
Center Left Wing Right Wing Time % Phy DF OF
1 Rourke Chartier Dominik Simon Jordan Kyrou 60 1 2 2
2 T.J. Tynan Ryan Lomberg Joachim Blichfeld 40 1 2 2
PowerPlay Defense
Defense Defense Time % Phy DF OF
1 Travis Sanheim Ethan Bear 60 1 2 2
2 Wiley Sherman Vladislav Gavrikov 40 1 2 2
Penalty Kill 4 Players Forward
Center Wing Time % Phy DF OF
1 Trent Frederic Pierre Engvall 60 1 2 2
2 Anthony Richard Dylan Sikura 40 1 2 2
Penalty Kill 4 Players Defense
Defense Defense Time % Phy DF OF
1 Collin Miller Vladislav Gavrikov 60 1 2 2
2 Wiley Sherman Ethan Bear 40 1 2 2
Penalty Kill - 3 Players Forward
Forward Time % Phy DF OF
1 Trent Frederic 60 1 2 2
2 T.J. Tynan 40 1 2 2
Penalty Kill - 3 Players Defense
Defense Defense Time % Phy DF OF
1 Matt Roy Collin Miller 60 1 2 2
2 Vladislav Gavrikov Ethan Bear 40 1 2 2
4 vs 4 Forward
Center Wing Time % Phy DF OF
1 T.J. Tynan Pierre Engvall 60 1 2 2
2 Trent Frederic Ryan Lomberg 40 1 2 2
4 vs 4 Defense
Defense Defense Time % Phy DF OF
1 Wiley Sherman Matt Roy 60 1 2 2
2 Vladislav Gavrikov Travis Sanheim 40 1 2 2
Last Minutes Offensive
Center Left Wing Right Wing Defense Defense
Rourke Chartier Dominik Simon Jordan Kyrou Travis Sanheim Ethan Bear
Last Minutes Defensive
Center Left Wing Right Wing Defense Defense
Trent Frederic Pierre Engvall Dylan Sikura Wiley Sherman Vladislav Gavrikov
Goaltenders
Starting : Emil Larmi
Backup : Magnus Hellberg
Extra Forwards
Normal : Pierre Engvall, T.J. Tynan, Trent Frederic - PP : T.J. Tynan, Rourke Chartier - PK : Joachim Blichfeld
Extra Defensemen
Normal : Ethan Bear, Vladislav Gavrikov, Travis Sanheim - PP : Matt Roy - PK : Collin Miller, Wiley Sherman
Penalty Shots
Jordan Kyrou, Rourke Chartier, Anthony Richard, Joachim Blichfeld, Dylan Sikura
Scratches
Adam Clendening (Healthy), Artturi Lehkonen (Healthy), Jean-Sebastien Dea (Healthy), Kevan Miller (Healthy), Jake Oettinger (Back Spasms Injury)
% Time on Ice - Marlies
Lines # - Real PCT - Wanted PCT - Time Play
Normal Forward
1 - 34% - 40% - 16:00
2 - 27% - 30% - 12:39
3 - 23% - 20% - 10:49
4 - 16% - 10% - 7:29
Normal Defense
1 - 38% - 40% - 17:57
2 - 32% - 30% - 15:03
3 - 23% - 20% - 11:01
4 - 6% - 10% - 2:56
PP Forward
1 - 53% - 60% - 4:52
2 - 47% - 40% - 4:16
PP Defense
1 - 54% - 60% - 4:55
2 - 46% - 40% - 4:13
PK Forward
1 - 79% - 60% - 2:10
2 - 21% - 40% - 0:34
PK Defense
1 - 60% - 60% - 1:38
2 - 40% - 40% - 1:06
PK3 Forward
1 - 0% - 60%
2 - 0% - 40%
PK3 Defense
1 - 0% - 60%
2 - 0% - 40%
44 Forward
1 - 0% - 60%
2 - 0% - 40%
44 Defense
1 - 0% - 60%
2 - 0% - 40%
Last Minute Offensive - 0:00
Last Minute Defensive - 1:11
Total
Forward - 60:00
Defense - 60:00
|
% Time on Ice - Rampage
Lines # - Real PCT - Wanted PCT - Time Play
Normal Forward
1 - 37% - 40% - 17:20
2 - 29% - 30% - 13:37
3 - 21% - 20% - 10:05
4 - 13% - 10% - 5:56
Normal Defense
1 - 37% - 40% - 17:36
2 - 32% - 30% - 15:05
3 - 23% - 20% - 10:37
4 - 8% - 10% - 3:40
PP Forward
1 - 66% - 60% - 1:49
2 - 34% - 40% - 0:55
PP Defense
1 - 70% - 60% - 1:55
2 - 30% - 40% - 0:49
PK Forward
1 - 74% - 60% - 6:48
2 - 26% - 40% - 2:20
PK Defense
1 - 67% - 60% - 6:06
2 - 33% - 40% - 3:02
PK3 Forward
1 - 0% - 60%
2 - 0% - 40%
PK3 Defense
1 - 0% - 60%
2 - 0% - 40%
44 Forward
1 - 0% - 60%
2 - 0% - 40%
44 Defense
1 - 0% - 60%
2 - 0% - 40%
Last Minute Offensive - 1:10
Last Minute Defensive - 0:00
Total
Forward - 60:00
Defense - 60:00
|
Play-by-Play
1st period
0:01 of 1st period - Colton Sissons wins face-off versus Rourke Chartier in neutral zone.
0:34 of 1st period - Snap shot by Aleksi Saarela.
0:34 of 1st period - Deflect By Tyler Benson.
0:34 of 1st period - Stopped by Emil Larmi with a rebound.
1:10 of 1st period - Snap shot by Matthew Highmore.
1:10 of 1st period - Shot Blocked by Wiley Sherman.
1:12 of 1st period - Slapshot by Otto Koivula.
1:12 of 1st period - Shot Misses the Net.
1:14 of 1st period - Wrist shot by Lucas Carlsson.
1:14 of 1st period - Stopped by Emil Larmi without a rebound.
1:15 of 1st period - Rourke Chartier wins face-off versus Colton Sissons in Rampage zone.
1:15 of 1st period - Rourke Chartier is hit by Dennis Gilbert.
1:54 of 1st period - Tyler Benson is hit by Ryan Lomberg and loses puck.
1:58 of 1st period - Icing by Keaton Thompson.
1:59 of 1st period - Aleksi Saarela wins face-off versus Rourke Chartier in Marlies zone.
2:18 of 1st period - Ethan Bear is hit by Tyler Benson and loses puck.
3:26 of 1st period - Dominik Simon is hit by Keaton Thompson and loses puck.
3:35 of 1st period - Travis Sanheim is hit by Dennis Gilbert and loses puck.
4:35 of 1st period - Backhand shot by Travis Sanheim.
4:35 of 1st period - Shot Misses the Net.
4:47 of 1st period - Slapshot by Aleksi Saarela.
4:47 of 1st period - Goal by Aleksi Saarela - Marlies : 1 - Rampage : 0.
4:48 of 1st period - Colton Sissons wins face-off versus T.J. Tynan in neutral zone.
6:08 of 1st period - Slapshot by Logan Brown.
6:08 of 1st period - Stopped by Emil Larmi without a rebound.
6:09 of 1st period - Logan Brown wins face-off versus Anthony Richard in Rampage zone.
6:36 of 1st period - Jeff Corbett is hit by Matt Roy and loses puck.
6:43 of 1st period - Snap shot by Joachim Blichfeld.
6:43 of 1st period - Stopped by Logan Thompson with a rebound.
6:45 of 1st period - Backhand shot by Vladislav Gavrikov.
6:45 of 1st period - Stopped by Logan Thompson without a rebound.
6:46 of 1st period - Colton Sissons wins face-off versus Trent Frederic in Marlies zone.
7:00 of 1st period - Wiley Sherman is hit by Brett Pesce and loses puck.
7:33 of 1st period - Vladislav Gavrikov is hit by Brett Pesce and loses puck.
7:40 of 1st period - Brett Pesce is hit by Pierre Engvall and loses puck.
8:08 of 1st period - Snap shot by Valentin Zykov.
8:08 of 1st period - Shot Misses the Net.
8:29 of 1st period - Icing by Lucas Carlsson.
8:30 of 1st period - Dylan Sikura wins face-off versus Colton Sissons in Marlies zone.
8:54 of 1st period - Icing by Mathieu Olivier.
8:55 of 1st period - T.J. Tynan wins face-off versus Logan Brown in Marlies zone.
9:03 of 1st period - Off-side.
9:04 of 1st period - Colton Sissons wins face-off versus T.J. Tynan in neutral zone.
9:07 of 1st period - Wrist shot by Colton Sissons.
9:07 of 1st period - Goal by Colton Sissons - Marlies : 2 - Rampage : 0.
9:08 of 1st period - Valentin Zykov wins face-off versus T.J. Tynan in neutral zone.
9:24 of 1st period - Off-side.
9:25 of 1st period - Matthew Highmore wins face-off versus Rourke Chartier in neutral zone.
9:58 of 1st period - Snap shot by Colton Sissons.
9:58 of 1st period - Stopped by Emil Larmi with a rebound.
10:00 of 1st period - Snap shot by Nicholas Baptiste.
10:00 of 1st period - Stopped by Emil Larmi with a rebound.
10:02 of 1st period - Slapshot by Nicholas Baptiste.
10:02 of 1st period - Shot Blocked by Ethan Bear.
10:14 of 1st period - Slapshot by Vladislav Gavrikov.
10:14 of 1st period - Stopped by Logan Thompson with a rebound.
10:16 of 1st period - Slapshot by Vladislav Gavrikov.
10:16 of 1st period - Stopped by Logan Thompson with a rebound.
10:18 of 1st period - Slapshot by Pierre Engvall.
10:18 of 1st period - Shot Blocked by Mathieu Olivier.
10:25 of 1st period - Minor Penalty to Alex Formenton for Goalie Interference.
10:26 of 1st period - Colton Sissons wins face-off versus Rourke Chartier in Marlies zone.
10:30 of 1st period - Slapshot by Nicholas Baptiste.
10:30 of 1st period - Deflect By Colton Sissons.
10:30 of 1st period - Shot Blocked by Ethan Bear.
10:30 of 1st period - Puck is out of play.
10:31 of 1st period - Rourke Chartier wins face-off versus Colton Sissons in Rampage zone.
10:40 of 1st period - Colton Sissons is hit by Rourke Chartier.
10:44 of 1st period - Jeff Corbett is hit by Jordan Kyrou and loses puck.
11:57 of 1st period - Aleksi Saarela is hit by Ethan Bear and loses puck.
12:25 of 1st period - Penalty to Alex Formenton is over, Alex Formenton is back on ice.
12:28 of 1st period - Off-side.
12:29 of 1st period - Anthony Richard wins face-off versus Matthew Highmore in neutral zone.
12:40 of 1st period - Slapshot by Dylan Sikura.
12:40 of 1st period - Stopped by Logan Thompson with a rebound.
13:07 of 1st period - Wrist shot by Alex Formenton.
13:07 of 1st period - Deflect By Collin Miller.
13:07 of 1st period - Shot Misses the Net.
13:07 of 1st period - Puck is out of play.
13:08 of 1st period - Rourke Chartier wins face-off versus Colton Sissons in Rampage zone.
13:44 of 1st period - Wrist shot by Joachim Blichfeld.
13:44 of 1st period - Stopped by Logan Thompson with a rebound.
13:54 of 1st period - Slapshot by Jeff Corbett.
13:54 of 1st period - Shot Misses the Net.
14:40 of 1st period - Slapshot by Dominik Simon.
14:40 of 1st period - Stopped by Logan Thompson without a rebound.
14:41 of 1st period - Rourke Chartier wins face-off versus Aleksi Saarela in Marlies zone.
14:54 of 1st period - Slapshot by Aleksi Saarela.
14:54 of 1st period - Shot Misses the Net.
15:08 of 1st period - Colton Sissons is hit by T.J. Tynan and loses puck.
15:19 of 1st period - Wrist shot by Joachim Blichfeld.
15:19 of 1st period - Stopped by Logan Thompson with a rebound.
15:21 of 1st period - Snap shot by Ryan Lomberg.
15:21 of 1st period - Deflect By Colton Sissons.
15:21 of 1st period - Stopped by Logan Thompson with a rebound.
15:33 of 1st period - Slapshot by Logan Brown.
15:33 of 1st period - Stopped by Emil Larmi with a rebound.
15:35 of 1st period - Wrist shot by Alex Formenton.
15:35 of 1st period - Goal by Alex Formenton - Marlies : 3 - Rampage : 0.
15:36 of 1st period - Rourke Chartier wins face-off versus Colton Sissons in neutral zone.
16:47 of 1st period - Pierre-Luc Dubois is hit by Pierre-Olivier Joseph and loses puck.
17:06 of 1st period - Snap shot by Dominik Simon.
17:06 of 1st period - Shot Misses the Net.
17:08 of 1st period - Slapshot by Jordan Kyrou.
17:08 of 1st period - Stopped by Logan Thompson without a rebound.
17:09 of 1st period - Rourke Chartier wins face-off versus Colton Sissons in Marlies zone.
17:10 of 1st period - Wrist shot by Dominik Simon.
17:10 of 1st period - Shot Misses the Net.
17:18 of 1st period - Slapshot by Jordan Kyrou.
17:18 of 1st period - Stopped by Logan Thompson with a rebound.
17:42 of 1st period - Wrist shot by Colton Sissons.
17:42 of 1st period - Shot Blocked by Wiley Sherman.
17:44 of 1st period - Snap shot by Valentin Zykov.
17:44 of 1st period - Shot Misses the Net.
17:46 of 1st period - Slapshot by Valentin Zykov.
17:46 of 1st period - Shot Misses the Net.
17:56 of 1st period - Snap shot by Colton Sissons.
17:56 of 1st period - Stopped by Emil Larmi with a rebound.
17:58 of 1st period - Slapshot by Brett Pesce.
17:58 of 1st period - Shot Misses the Net.
18:00 of 1st period - Slapshot by Brett Pesce.
18:00 of 1st period - Goal by Brett Pesce - Marlies : 4 - Rampage : 0.
18:00 of 1st period - Magnus Hellberg enters game.
18:01 of 1st period - Aleksi Saarela wins face-off versus T.J. Tynan in neutral zone.
18:16 of 1st period - Snap shot by Ryan Lomberg.
18:16 of 1st period - Shot Misses the Net.
18:34 of 1st period - Wrist shot by Alex Formenton.
18:34 of 1st period - Stopped by Magnus Hellberg without a rebound.
18:35 of 1st period - Nicholas Baptiste wins face-off versus Rourke Chartier in Rampage zone.
18:36 of 1st period - Snap shot by Colton Sissons.
18:36 of 1st period - Shot Misses the Net.
18:50 of 1st period - Snap shot by Rourke Chartier.
18:50 of 1st period - Shot Misses the Net.
19:30 of 1st period - Slapshot by Logan Brown.
19:30 of 1st period - Shot Misses the Net.
19:44 of 1st period - Snap shot by Dylan Sikura.
19:44 of 1st period - Shot Blocked by Brett Pesce.
Goals for this period are 4 for Marlies vs 0 for Rampage.
Shots for this period are 12 for Marlies vs 11 for Rampage.
2nd period
0:01 of 2nd period - T.J. Tynan wins face-off versus Colton Sissons in neutral zone.
0:27 of 2nd period - Icing by Dominik Simon.
0:28 of 2nd period - Aleksi Saarela wins face-off versus Rourke Chartier in Rampage zone.
0:33 of 2nd period - Snap shot by Martin Necas.
0:33 of 2nd period - Goal by Martin Necas - Marlies : 5 - Rampage : 0.
0:34 of 2nd period - Colton Sissons wins face-off versus Rourke Chartier in neutral zone.
0:37 of 2nd period - Wrist shot by Colton Sissons.
0:37 of 2nd period - Stopped by Magnus Hellberg without a rebound.
0:38 of 2nd period - Colton Sissons wins face-off versus Rourke Chartier in Rampage zone.
0:44 of 2nd period - Minor Penalty to Jordan Kyrou for Slashing.
0:45 of 2nd period - Colton Sissons wins face-off versus Trent Frederic in Rampage zone.
0:47 of 2nd period - Wrist shot by Nicholas Baptiste.
0:47 of 2nd period - Stopped by Magnus Hellberg without a rebound.
0:48 of 2nd period - Valentin Zykov wins face-off versus Trent Frederic in Rampage zone.
1:41 of 2nd period - Colton Sissons is hit by Wiley Sherman and loses puck.
2:44 of 2nd period - Penalty to Jordan Kyrou is over, Jordan Kyrou is back on ice.
2:48 of 2nd period - Slapshot by Ethan Bear.
2:48 of 2nd period - Shot Misses the Net.
2:50 of 2nd period - Wrist shot by Rourke Chartier.
2:50 of 2nd period - Stopped by Logan Thompson with a rebound.
3:14 of 2nd period - Wrist shot by T.J. Tynan.
3:14 of 2nd period - Stopped by Logan Thompson with a rebound.
3:46 of 2nd period - Dylan Sikura is hit by Matthew Highmore and loses puck.
4:12 of 2nd period - Brett Pesce is hit by Ryan Lomberg and loses puck.
4:36 of 2nd period - Wrist shot by Ethan Bear.
4:36 of 2nd period - Shot Misses the Net.
4:38 of 2nd period - Snap shot by Ethan Bear.
4:38 of 2nd period - Shot Blocked by Brett Pesce.
4:40 of 2nd period - Snap shot by Joachim Blichfeld.
4:40 of 2nd period - Goal by Joachim Blichfeld - Marlies : 5 - Rampage : 1.
4:41 of 2nd period - Colton Sissons wins face-off versus Rourke Chartier in neutral zone.
5:08 of 2nd period - Icing by Pierre Engvall.
5:09 of 2nd period - Anthony Richard wins face-off versus Logan Brown in Rampage zone.
5:16 of 2nd period - Slapshot by Vladislav Gavrikov.
5:16 of 2nd period - Stopped by Logan Thompson without a rebound.
5:17 of 2nd period - Jordan Kyrou wins face-off versus Colton Sissons in Marlies zone.
5:24 of 2nd period - Snap shot by Dominik Simon.
5:24 of 2nd period - Stopped by Logan Thompson without a rebound.
5:25 of 2nd period - Valentin Zykov wins face-off versus Rourke Chartier in Marlies zone.
5:25 of 2nd period - Valentin Zykov is hit by Dominik Simon.
5:43 of 2nd period - Snap shot by Rourke Chartier.
5:43 of 2nd period - Shot Blocked by Brett Pesce.
5:45 of 2nd period - Wrist shot by Dominik Simon.
5:45 of 2nd period - Stopped by Logan Thompson with a rebound.
5:51 of 2nd period - Wrist shot by Rourke Chartier.
5:51 of 2nd period - Stopped by Logan Thompson without a rebound.
5:52 of 2nd period - T.J. Tynan wins face-off versus Aleksi Saarela in Marlies zone.
6:18 of 2nd period - Wiley Sherman is hit by Logan Brown.
7:09 of 2nd period - Snap shot by Vladislav Gavrikov.
7:09 of 2nd period - Deflect By Keaton Thompson.
7:09 of 2nd period - Stopped by Logan Thompson with a rebound.
7:11 of 2nd period - Slapshot by Wiley Sherman.
7:11 of 2nd period - Shot Blocked by Matthew Highmore.
7:37 of 2nd period - Minor Penalty to Dennis Gilbert for Boarding.
7:38 of 2nd period - Rourke Chartier wins face-off versus Colton Sissons in Marlies zone.
7:43 of 2nd period - Wrist shot by Jordan Kyrou.
7:43 of 2nd period - Shot Misses the Net.
7:45 of 2nd period - Snap shot by Jordan Kyrou.
7:45 of 2nd period - Shot Blocked by Brett Pesce.
7:47 of 2nd period - Snap shot by Ethan Bear.
7:47 of 2nd period - Shot Blocked by Nicholas Baptiste.
7:49 of 2nd period - Backhand shot by Jordan Kyrou.
7:49 of 2nd period - Shot Misses the Net.
7:51 of 2nd period - Slapshot by Ethan Bear.
7:51 of 2nd period - Goal by Ethan Bear - Marlies : 5 - Rampage : 2.
7:52 of 2nd period - Rourke Chartier wins face-off versus Colton Sissons in neutral zone.
8:14 of 2nd period - Icing by Pierre-Olivier Joseph.
8:15 of 2nd period - T.J. Tynan wins face-off versus Colton Sissons in Marlies zone.
8:48 of 2nd period - Wrist shot by Aleksi Saarela.
8:48 of 2nd period - Shot Misses the Net.
9:04 of 2nd period - Slapshot by Dylan Sikura.
9:04 of 2nd period - Stopped by Logan Thompson without a rebound.
9:05 of 2nd period - Mathieu Olivier wins face-off versus Anthony Richard in Marlies zone.
9:43 of 2nd period - Snap shot by Anthony Richard.
9:43 of 2nd period - Shot Misses the Net.
9:45 of 2nd period - Wrist shot by Dylan Sikura.
9:45 of 2nd period - Shot Misses the Net.
9:55 of 2nd period - Anthony Richard is hit by Mathieu Olivier and loses puck.
10:08 of 2nd period - Snap shot by Anthony Richard.
10:08 of 2nd period - Stopped by Logan Thompson with a rebound.
10:10 of 2nd period - Slapshot by Travis Sanheim.
10:10 of 2nd period - Shot Misses the Net.
10:12 of 2nd period - Snap shot by Anthony Richard.
10:12 of 2nd period - Stopped by Logan Thompson without a rebound.
10:13 of 2nd period - Rourke Chartier wins face-off versus Colton Sissons in Marlies zone.
10:26 of 2nd period - Slapshot by Nicholas Baptiste.
10:26 of 2nd period - Stopped by Magnus Hellberg without a rebound.
10:27 of 2nd period - Aleksi Saarela wins face-off versus Joachim Blichfeld in Rampage zone.
10:52 of 2nd period - Wiley Sherman is hit by Colton Sissons and loses puck.
11:02 of 2nd period - Icing by Dominik Simon.
11:03 of 2nd period - Rourke Chartier wins face-off versus Aleksi Saarela in Rampage zone.
11:16 of 2nd period - Snap shot by Dominik Simon.
11:16 of 2nd period - Stopped by Logan Thompson with a rebound.
11:18 of 2nd period - Snap shot by Rourke Chartier.
11:18 of 2nd period - Stopped by Logan Thompson with a rebound.
11:20 of 2nd period - Snap shot by Rourke Chartier.
11:20 of 2nd period - Stopped by Logan Thompson with a rebound.
11:40 of 2nd period - Wrist shot by Pierre-Olivier Joseph.
11:40 of 2nd period - Stopped by Magnus Hellberg with a rebound.
12:00 of 2nd period - Wrist shot by Trent Frederic.
12:00 of 2nd period - Shot Blocked by Brett Pesce.
12:10 of 2nd period - Vladislav Gavrikov is hit by Alex Formenton and loses puck.
13:07 of 2nd period - Snap shot by Martin Necas.
13:07 of 2nd period - Shot Misses the Net.
13:09 of 2nd period - Snap shot by Tyler Benson.
13:09 of 2nd period - Deflect By Martin Necas.
13:09 of 2nd period - Shot Misses the Net.
13:09 of 2nd period - Puck is out of play.
13:10 of 2nd period - T.J. Tynan wins face-off versus Colton Sissons in Rampage zone.
13:19 of 2nd period - Wrist shot by Travis Sanheim.
13:19 of 2nd period - Stopped by Logan Thompson with a rebound.
13:21 of 2nd period - Slapshot by Travis Sanheim.
13:21 of 2nd period - Stopped by Logan Thompson without a rebound.
13:22 of 2nd period - Aleksi Saarela wins face-off versus Rourke Chartier in Marlies zone.
13:49 of 2nd period - Ethan Bear is hit by Colton Sissons and loses puck.
13:56 of 2nd period - Snap shot by Colton Sissons.
13:56 of 2nd period - Stopped by Magnus Hellberg without a rebound.
13:57 of 2nd period - Colton Sissons wins face-off versus T.J. Tynan in Rampage zone.
14:12 of 2nd period - Colton Sissons is hit by Joachim Blichfeld and loses puck.
14:54 of 2nd period - Wrist shot by Jeff Corbett.
14:54 of 2nd period - Shot Misses the Net.
15:31 of 2nd period - Wrist shot by Dylan Sikura.
15:31 of 2nd period - Shot Misses the Net.
15:39 of 2nd period - Slapshot by Anthony Richard.
15:39 of 2nd period - Shot Blocked by Pierre-Olivier Joseph.
15:41 of 2nd period - Wrist shot by Ethan Bear.
15:41 of 2nd period - Rampage goal is going for a video replay.
15:41 of 2nd period - The goal is good.
15:41 of 2nd period - Goal by Ethan Bear - Marlies : 5 - Rampage : 3.
15:42 of 2nd period - Aleksi Saarela wins face-off versus Rourke Chartier in neutral zone.
15:53 of 2nd period - Wrist shot by Martin Necas.
15:53 of 2nd period - Stopped by Magnus Hellberg without a rebound.
15:54 of 2nd period - Rourke Chartier wins face-off versus Valentin Zykov in Rampage zone.
16:35 of 2nd period - Minor Penalty to Tyler Benson for Holding Stick.
16:36 of 2nd period - Colton Sissons wins face-off versus Rourke Chartier in Marlies zone.
16:49 of 2nd period - Slapshot by Colton Sissons.
16:49 of 2nd period - Shot Misses the Net.
16:59 of 2nd period - Nicholas Baptiste is hit by Dominik Simon and loses puck.
17:04 of 2nd period - Slapshot by Travis Sanheim.
17:04 of 2nd period - Shot Blocked by Nicholas Baptiste.
17:06 of 2nd period - Snap shot by Dominik Simon.
17:06 of 2nd period - Goal by Dominik Simon - Marlies : 5 - Rampage : 4.
17:07 of 2nd period - Colton Sissons wins face-off versus Rourke Chartier in neutral zone.
17:13 of 2nd period - Icing by Ethan Bear.
17:14 of 2nd period - Rourke Chartier wins face-off versus Colton Sissons in Rampage zone.
17:47 of 2nd period - Snap shot by Nicholas Baptiste.
17:47 of 2nd period - Shot Blocked by Travis Sanheim.
17:57 of 2nd period - Slapshot by Jordan Kyrou.
17:57 of 2nd period - Stopped by Logan Thompson without a rebound.
17:58 of 2nd period - Aleksi Saarela wins face-off versus Ryan Lomberg in Marlies zone.
17:58 of 2nd period - Aleksi Saarela is hit by Ryan Lomberg.
18:12 of 2nd period - Wrist shot by Aleksi Saarela.
18:12 of 2nd period - Deflect By T.J. Tynan.
18:12 of 2nd period - Stopped by Magnus Hellberg without a rebound.
18:13 of 2nd period - Logan Brown wins face-off versus Trent Frederic in Rampage zone.
18:14 of 2nd period - Wrist shot by Mathieu Olivier.
18:14 of 2nd period - Shot Blocked by Pierre-Luc Dubois.
18:50 of 2nd period - Snap shot by Aleksi Saarela.
18:50 of 2nd period - Shot Misses the Net.
19:10 of 2nd period - Wrist shot by Nicholas Baptiste.
19:10 of 2nd period - Shot Misses the Net.
Goals for this period are 1 for Marlies vs 4 for Rampage.
Shots for this period are 8 for Marlies vs 20 for Rampage.
3rd period
0:01 of 3rd period - Colton Sissons wins face-off versus Rourke Chartier in neutral zone.
0:39 of 3rd period - Slapshot by Pierre-Olivier Joseph.
0:39 of 3rd period - Stopped by Magnus Hellberg with a rebound.
0:53 of 3rd period - Wrist shot by Dylan Sikura.
0:53 of 3rd period - Shot Misses the Net.
0:59 of 3rd period - Dylan Sikura is hit by Lucas Carlsson and loses puck.
2:17 of 3rd period - Snap shot by Anthony Richard.
2:17 of 3rd period - Deflect By Pierre Engvall.
2:17 of 3rd period - Shot Misses the Net.
2:17 of 3rd period - Puck is out of play.
2:18 of 3rd period - Anthony Richard wins face-off versus Matthew Highmore in Marlies zone.
2:27 of 3rd period - Wrist shot by Dylan Sikura.
2:27 of 3rd period - Shot Misses the Net.
2:29 of 3rd period - Snap shot by Pierre Engvall.
2:29 of 3rd period - Deflect By Pierre-Olivier Joseph.
2:29 of 3rd period - Shot Misses the Net.
2:29 of 3rd period - Puck is out of play.
2:30 of 3rd period - Jordan Kyrou wins face-off versus Colton Sissons in Marlies zone.
2:31 of 3rd period - Slapshot by Rourke Chartier.
2:31 of 3rd period - Stopped by Logan Thompson without a rebound.
2:32 of 3rd period - Colton Sissons wins face-off versus Rourke Chartier in Marlies zone.
2:32 of 3rd period - Colton Sissons is hit by Ethan Bear.
2:37 of 3rd period - Off-side.
2:38 of 3rd period - Rourke Chartier wins face-off versus Colton Sissons in neutral zone.
2:40 of 3rd period - Minor Penalty to Jordan Kyrou for High sticking.
2:41 of 3rd period - Trent Frederic wins face-off versus Colton Sissons in Rampage zone.
2:48 of 3rd period - Off-side.
2:49 of 3rd period - Pierre Engvall wins face-off versus Colton Sissons in neutral zone.
3:32 of 3rd period - Snap shot by Valentin Zykov.
3:32 of 3rd period - Stopped by Magnus Hellberg with a rebound.
3:42 of 3rd period - Slapshot by Nicholas Baptiste.
3:42 of 3rd period - Shot Misses the Net.
3:44 of 3rd period - Snap shot by Colton Sissons.
3:44 of 3rd period - Shot Misses the Net.
3:48 of 3rd period - Snap shot by Nicholas Baptiste.
3:48 of 3rd period - Shot Misses the Net.
3:50 of 3rd period - Slapshot by Brett Pesce.
3:50 of 3rd period - Shot Blocked by Pierre Engvall.
3:52 of 3rd period - Slapshot by Pierre-Olivier Joseph.
3:52 of 3rd period - Goal by Pierre-Olivier Joseph - Marlies : 6 - Rampage : 4.
3:53 of 3rd period - Aleksi Saarela wins face-off versus Rourke Chartier in neutral zone.
4:22 of 3rd period - Lucas Carlsson is hit by Travis Sanheim and loses puck.
4:31 of 3rd period - Wrist shot by Ryan Lomberg.
4:31 of 3rd period - Deflect By Joachim Blichfeld.
4:31 of 3rd period - Shot Blocked by Lucas Carlsson.
4:31 of 3rd period - Puck is out of play.
4:32 of 3rd period - Aleksi Saarela wins face-off versus Anthony Richard in Marlies zone.
5:10 of 3rd period - Minor Penalty to Collin Miller for Tripping.
5:11 of 3rd period - Colton Sissons wins face-off versus Trent Frederic in Rampage zone.
5:17 of 3rd period - Wrist shot by Colton Sissons.
5:17 of 3rd period - Shot Misses the Net.
5:23 of 3rd period - Snap shot by Nicholas Baptiste.
5:23 of 3rd period - Shot Misses the Net.
5:25 of 3rd period - Slapshot by Pierre-Olivier Joseph.
5:25 of 3rd period - Deflect By Colton Sissons.
5:25 of 3rd period - Stopped by Magnus Hellberg without a rebound.
5:26 of 3rd period - Trent Frederic wins face-off versus Colton Sissons in Rampage zone.
6:05 of 3rd period - Snap shot by Dylan Sikura.
6:05 of 3rd period - Stopped by Logan Thompson with a rebound.
6:07 of 3rd period - Backhand shot by Anthony Richard.
6:07 of 3rd period - Shot Blocked by Aleksi Saarela.
6:52 of 3rd period - Backhand shot by Martin Necas.
6:52 of 3rd period - Stopped by Magnus Hellberg with a rebound.
6:54 of 3rd period - Slapshot by Lucas Carlsson.
6:54 of 3rd period - Shot Misses the Net.
6:56 of 3rd period - Slapshot by Lucas Carlsson.
6:56 of 3rd period - Stopped by Magnus Hellberg with a rebound.
7:10 of 3rd period - Penalty to Collin Miller is over, Collin Miller is back on ice.
7:16 of 3rd period - Wrist shot by Martin Necas.
7:16 of 3rd period - Stopped by Magnus Hellberg without a rebound.
7:17 of 3rd period - Rourke Chartier wins face-off versus Colton Sissons in Rampage zone.
7:51 of 3rd period - Snap shot by Matthew Highmore.
7:51 of 3rd period - Stopped by Magnus Hellberg without a rebound.
7:52 of 3rd period - T.J. Tynan wins face-off versus Colton Sissons in Rampage zone.
7:52 of 3rd period - T.J. Tynan is hit by Jeff Corbett.
8:02 of 3rd period - Slapshot by Ryan Lomberg.
8:02 of 3rd period - Shot Misses the Net.
8:10 of 3rd period - Matt Roy is hit by Nicholas Baptiste.
8:30 of 3rd period - Slapshot by Tobias Lindberg.
8:30 of 3rd period - Shot Misses the Net.
10:31 of 3rd period - Snap shot by Joachim Blichfeld.
10:31 of 3rd period - Stopped by Logan Thompson with a rebound.
10:39 of 3rd period - Minor Penalty to Joachim Blichfeld for Hooking.
10:40 of 3rd period - Colton Sissons wins face-off versus Trent Frederic in Rampage zone.
10:41 of 3rd period - Slapshot by Pierre-Olivier Joseph.
10:41 of 3rd period - Deflect By Ethan Bear.
10:41 of 3rd period - Stopped by Magnus Hellberg with a rebound.
10:43 of 3rd period - Slapshot by Brett Pesce.
10:43 of 3rd period - Shot Blocked by Wiley Sherman.
10:45 of 3rd period - Wrist shot by Colton Sissons.
10:45 of 3rd period - Shot Misses the Net.
11:24 of 3rd period - Icing by Martin Necas.
11:25 of 3rd period - Trent Frederic wins face-off versus Colton Sissons in Marlies zone.
11:34 of 3rd period - Slapshot by Brett Pesce.
11:34 of 3rd period - Shot Blocked by Vladislav Gavrikov.
12:39 of 3rd period - Penalty to Joachim Blichfeld is over, Joachim Blichfeld is back on ice.
12:55 of 3rd period - Ethan Bear is hit by Otto Koivula and loses puck.
13:04 of 3rd period - Snap shot by Dylan Sikura.
13:04 of 3rd period - Goal by Dylan Sikura - Marlies : 6 - Rampage : 5.
13:05 of 3rd period - Rourke Chartier wins face-off versus Colton Sissons in neutral zone.
13:18 of 3rd period - Matt Roy is hit by Pierre-Olivier Joseph and loses puck.
13:51 of 3rd period - Lucas Carlsson is hit by Pierre-Luc Dubois and loses puck.
14:02 of 3rd period - Collin Miller is hit by Alex Formenton and loses puck.
14:19 of 3rd period - Minor Penalty to Dylan Sikura for Hooking.
14:20 of 3rd period - Colton Sissons wins face-off versus Trent Frederic in Rampage zone.
14:26 of 3rd period - Slapshot by Pierre-Olivier Joseph.
14:26 of 3rd period - Shot Misses the Net.
15:10 of 3rd period - Snap shot by Valentin Zykov.
15:10 of 3rd period - Stopped by Magnus Hellberg with a rebound.
15:49 of 3rd period - Icing by Martin Necas.
15:50 of 3rd period - Aleksi Saarela wins face-off versus Anthony Richard in Marlies zone.
16:19 of 3rd period - Penalty to Dylan Sikura is over, Dylan Sikura is back on ice.
16:38 of 3rd period - Off-side.
16:39 of 3rd period - Aleksi Saarela wins face-off versus Rourke Chartier in neutral zone.
16:44 of 3rd period - Slapshot by Aleksi Saarela.
16:44 of 3rd period - Stopped by Magnus Hellberg with a rebound.
16:56 of 3rd period - Jeff Corbett is hit by Dominik Simon and loses puck.
17:13 of 3rd period - Slapshot by Valentin Zykov.
17:13 of 3rd period - Shot Blocked by Ryan Lomberg.
17:15 of 3rd period - Slapshot by Jeff Corbett.
17:15 of 3rd period - Shot Misses the Net.
17:17 of 3rd period - Wrist shot by Colton Sissons.
17:17 of 3rd period - Shot Misses the Net.
17:33 of 3rd period - Snap shot by Matthew Highmore.
17:33 of 3rd period - Stopped by Magnus Hellberg with a rebound.
18:32 of 3rd period - Wrist shot by Colton Sissons.
18:32 of 3rd period - Deflect By Joachim Blichfeld.
18:32 of 3rd period - Stopped by Magnus Hellberg with a rebound.
18:56 of 3rd period - Wrist shot by Valentin Zykov.
18:56 of 3rd period - Shot Blocked by Ethan Bear.
18:58 of 3rd period - Wrist shot by Valentin Zykov.
18:58 of 3rd period - Stopped by Magnus Hellberg without a rebound.
18:59 of 3rd period - Teemu Selanne call a timeout for Rampage.
18:59 of 3rd period - Rourke Chartier wins face-off versus Colton Sissons in Rampage zone.
19:04 of 3rd period - Rampage, Magnus Hellberg is pulled from the net.
19:14 of 3rd period - Wrist shot by Nicholas Baptiste.
19:14 of 3rd period - Shot Misses the Net.
19:16 of 3rd period - Snap shot by Nicholas Baptiste.
19:16 of 3rd period - Deflect By Valentin Zykov.
19:16 of 3rd period - Shot Misses the Net.
19:16 of 3rd period - Puck is out of play.
19:17 of 3rd period - Magnus Hellberg from Rampage was sent back in the game.
19:17 of 3rd period - Colton Sissons wins face-off versus Rourke Chartier in Rampage zone.
19:42 of 3rd period - Snap shot by Valentin Zykov.
19:42 of 3rd period - Stopped by Magnus Hellberg with a rebound.
19:44 of 3rd period - Wrist shot by Valentin Zykov.
19:44 of 3rd period - Stopped by Magnus Hellberg with a rebound.
19:46 of 3rd period - Snap shot by Nicholas Baptiste.
19:46 of 3rd period - Shot Blocked by Jordan Kyrou.
19:48 of 3rd period - Snap shot by Nicholas Baptiste.
19:48 of 3rd period - Shot Misses the Net.
19:50 of 3rd period - Wrist shot by Brett Pesce.
19:50 of 3rd period - Stopped by Magnus Hellberg with a rebound.
19:52 of 3rd period - Snap shot by Lucas Carlsson.
19:52 of 3rd period - Shot Blocked by Ethan Bear.
19:54 of 3rd period - Snap shot by Lucas Carlsson.
19:54 of 3rd period - Stopped by Magnus Hellberg with a rebound.
19:56 of 3rd period - Snap shot by Brett Pesce.
19:56 of 3rd period - Goal by Brett Pesce - Marlies : 7 - Rampage : 5.
19:57 of 3rd period - Valentin Zykov wins face-off versus Anthony Richard in neutral zone.
Goals for this period are 2 for Marlies vs 1 for Rampage.
Shots for this period are 19 for Marlies vs 4 for Rampage.